R+ - U24
WELCH MINERS @ ELIZABETHTON TWINS
09/04/2052
 
TOP OF THE 1ST
Grand Junction Rockies batting - Pitching for Great Falls Voyagers : RHP Wilmer Castellano
Pitching: RHP Wilmer Castellano
Batting: LHB J P. Cendejas 0-0: Called Strike
0-1: Fly out, F8 (Flyball, 8RD, EV 105.0 MPH)
Batting: LHB Edward Atherton 0-0: Fly out, F1 (Line Drive, P, EV 67.5 MPH)
Batting: RHB Cooper Shaw 0-0: Ground out 5-3 (Groundball, 56S, EV 87.5 MPH)
Top of the 1st over - 0 runs, 0 hits, 0 errors, 0 left on base; Grand Junction 0 - Great Falls 0
BOTTOM OF THE 1ST
Great Falls Voyagers batting - Pitching for Grand Junction Rockies : RHP Yoendry Herrera
Pitching: RHP Yoendry Herrera
Batting: LHB Santiago Botello 0-0: Ball
1-0: Ball
2-0: Called Strike
2-1: Ball
3-1: Foul Ball, location: 2F
3-2: Base on Balls
Batting: LHB Ha'im Kostner 0-0: Ball
1-0: SINGLE (Groundball, P, EV 88.8 MPH) (infield hit)
Santiago Botello to second
Batting: RHB Monty Paz 0-0: Foul Ball, location: 2F
0-1: Foul Ball, location: 2F
0-2: Ball
1-2: Ball
2-2: Foul Ball, location: 2F
2-2: Ball
3-2: Foul Ball, location: 2F
3-2: Base on Balls
Santiago Botello to third
Ha'im Kostner to second
Batting: SHB Nathan Shimer 0-0: Called Strike
0-1: Ball
1-1: Foul Ball, location: 2F
1-2: Fielders Choice at 2nd, 4-6 (Groundball, 4, EV 83.1 MPH)
Santiago Botello scores
Ha'im Kostner to third
Batting: LHB T.J. Overby 0-0: Ball
1-0: Ball
2-0: Foul Ball, location: 2F
2-1: Ball
3-1: Foul Ball, location: 2F
3-2: Fly out, F7 (Flyball, 78D, EV 101.2 MPH)
Runner from 3rd tags up, SCORES, throw by LF
Batting: LHB Rich Schendel Jr. 0-0: Ball
1-0: Ball
2-0: Called Strike
2-1: Ball
3-1: DOUBLE (Line Drive, 78XD, EV 102.5 MPH)
Nathan Shimer to third
Runner from 3rd tries for Home, SAFE, throw by CF to home
Batting: LHB Mickey Flowers 0-0: Ball
1-0: Ball
2-0: Called Strike
2-1: Ball
3-1: Base on Balls
Batting: RHB Armando Montalbo 0-0: Reached on error, E6 (Groundball, 6, EV 81.2 MPH)
Rich Schendel Jr. to third
Mickey Flowers to second
Batting: RHB Thiago Castro 0-0: Called Strike
0-1: Ball
1-1: Called Strike
1-2: SINGLE (Line Drive, 89S, EV 99.4 MPH)
Rich Schendel Jr. scores
Mickey Flowers to third
Armando Montalbo to second
Batting: LHB Santiago Botello 0-0: Ball
1-0: Ball
2-0: Ball
3-0: Base on Balls
Mickey Flowers scores
Armando Montalbo to third
Thiago Castro to second
Batting: LHB Ha'im Kostner 0-0: Called Strike
0-1: Ball
1-1: SINGLE (Line Drive, 89S, EV 90.0 MPH)
Armando Montalbo scores
Thiago Castro to third
Santiago Botello to second
Runner from 3rd tries for Home, SAFE, throw by CF to home
Pitching: RHP Jeris Nuñez
Batting: RHB Monty Paz 0-0: Foul Ball, location: 2F
0-1: Fielders Choice at 2nd, 5-4 (Groundball, 56, EV 107.5 MPH)
Bottom of the 1st over - 7 runs, 4 hits, 1 error, 2 left on base; Grand Junction 0 - Great Falls 7
TOP OF THE 2ND
Grand Junction Rockies batting - Pitching for Great Falls Voyagers : RHP Wilmer Castellano
Batting: LHB Israel González 0-0: Called Strike
0-1: Ball
1-1: Called Strike
1-2: Foul Ball, location: 2F
1-2: Strikes out swinging
Batting: RHB Wit Crapps 0-0: Ball
1-0: SINGLE (Groundball, 56D, EV 109.4 MPH)
Batting: RHB Stayler Henriquez 0-0: Foul Ball, location: 2F
0-1: Ball
1-1: Foul Ball, location: 2F
1-2: Ball
2-2: Fielders Choice at 2nd, 6-4 (Groundball, 6, EV 96.9 MPH)
Batting: SHB Cayden Fernandez 0-0: Called Strike
0-1: Foul Ball, location: 2F
0-2: Strikes out swinging
Top of the 2nd over - 0 runs, 1 hit, 0 errors, 1 left on base; Grand Junction 0 - Great Falls 7
BOTTOM OF THE 2ND
Great Falls Voyagers batting - Pitching for Grand Junction Rockies : RHP Jeris Nuñez
Batting: SHB Nathan Shimer 0-0: Fly out, F7 (Flyball, 78M, EV 89.4 MPH)
Batting: LHB T.J. Overby 0-0: SINGLE (Line Drive, 7S, EV 104.4 MPH)
Batting: LHB Rich Schendel Jr. 0-0: Ball
1-0: Called Strike
1-1: Swinging Strike
1-2: Foul Ball, location: 2F
1-2: Fly out, F5 (Popup, 6S, EV 78.8 MPH)
Batting: LHB Mickey Flowers 0-0: Called Strike
0-1: Ball
1-1: Ball
2-1: Ball
3-1: Base on Balls
T.J. Overby to second
Batting: RHB Armando Montalbo 0-0: Called Strike
0-1: Ball
1-1: Swinging Strike
1-2: Fielders Choice at 2nd, U6 (Groundball, 6M, EV 90.6 MPH)
Bottom of the 2nd over - 0 runs, 1 hit, 0 errors, 2 left on base; Grand Junction 0 - Great Falls 7
TOP OF THE 3RD
Grand Junction Rockies batting - Pitching for Great Falls Voyagers : RHP Wilmer Castellano
Batting: RHB Ethan Reilly 0-0: Ball
1-0: Ball
2-0: Called Strike
2-1: Ground out 3-1 (Groundball, 34, EV 78.1 MPH)
Batting: RHB Yorman Saldivar 0-0: Called Strike
0-1: Ground out 3-1 (Groundball, 34S, EV 86.9 MPH)
Batting: LHB J P. Cendejas 0-0: Ball
1-0: DOUBLE (Flyball, 8RD, EV 102.5 MPH)
Batting: LHB Edward Atherton 0-0: Called Strike
0-1: Ball
1-1: Ball
2-1: Ball
3-1: Called Strike
3-2: Foul Ball, location: 2F
3-2: Fly out, F8 (Line Drive, 8RD, EV 101.2 MPH)
Top of the 3rd over - 0 runs, 1 hit, 0 errors, 1 left on base; Grand Junction 0 - Great Falls 7
BOTTOM OF THE 3RD
Great Falls Voyagers batting - Pitching for Grand Junction Rockies : RHP Jeris Nuñez
Batting: RHB Thiago Castro 0-0: Ball
1-0: Ball
2-0: Ball
3-0: Base on Balls
Batting: LHB Santiago Botello 0-0: Called Strike
0-1: Foul Ball, location: 2F
0-2: Foul Ball, location: 2F
0-2: Ball
1-2: Ball
2-2: Ball
3-2: Base on Balls
Thiago Castro to second
Batting: LHB Ha'im Kostner 0-0: Called Strike
0-1: Ball
1-1: Foul Ball, location: 2F
1-2: Foul Ball, location: 2F
1-2: Ball
2-2: Foul Ball, location: 2F
2-2: Fly out, F7 (Line Drive, 7, EV 88.8 MPH)
Batting: RHB Monty Paz 0-0: Foul Ball, location: 2F
0-1: Foul Ball, location: 2F
0-2: Foul Ball, location: 2F
0-2: Fly out, F7 (Flyball, 78D, EV 103.8 MPH)
Batting: SHB Nathan Shimer 0-0: Ball
1-0: Called Strike
1-1: Ball
2-1: Foul Ball, location: 2F
2-2: Strikes out swinging
Bottom of the 3rd over - 0 runs, 0 hits, 0 errors, 2 left on base; Grand Junction 0 - Great Falls 7
TOP OF THE 4TH
Grand Junction Rockies batting - Pitching for Great Falls Voyagers : RHP Wilmer Castellano
Batting: RHB Cooper Shaw 0-0: Called Strike
0-1: Fly out, F8 (Flyball, 78D, EV 102.5 MPH)
Batting: LHB Israel González 0-0: Ball
1-0: Ball
2-0: Foul Ball, location: 2F
2-1: Foul Ball, location: 2F
2-2: SOLO HOME RUN (Line Drive, 7D, EV 100.0 MPH), Distance : 379 ft
Batting: RHB Wit Crapps 0-0: Ball
1-0: Ball
2-0: Fly out, F4 (Popup, 4M, EV 56.2 MPH)
Batting: RHB Stayler Henriquez 0-0: Called Strike
0-1: Foul Ball, location: 2F
0-2: Strikes out swinging
Top of the 4th over - 1 run, 1 hit, 0 errors, 0 left on base; Grand Junction 1 - Great Falls 7
BOTTOM OF THE 4TH
Great Falls Voyagers batting - Pitching for Grand Junction Rockies : RHP Jeris Nuñez
Batting: LHB T.J. Overby 0-0: Called Strike
0-1: Hit by Pitch
Batting: LHB Rich Schendel Jr. 0-0: Ball
1-0: Foul Ball, location: 2F
1-1: Ball
2-1: SINGLE (Line Drive, 7S, EV 92.5 MPH)
T.J. Overby to second
Batting: LHB Mickey Flowers 0-0: Called Strike
0-1: Ball
1-1: Fly out, F3 (Flyball, 3D, EV 90.0 MPH)
Batting: RHB Armando Montalbo 0-0: Called Strike
0-1: Fly out, F8 (Flyball, 8RS, EV 90.0 MPH)
Batting: RHB Thiago Castro 0-0: Called Strike
0-1: Ball
1-1: Foul Ball, location: 2F
1-2: Ball
2-2: Ball
3-2: Fly out, F9 (Line Drive, 9, EV 95.6 MPH)
Bottom of the 4th over - 0 runs, 1 hit, 0 errors, 2 left on base; Grand Junction 1 - Great Falls 7
TOP OF THE 5TH
Grand Junction Rockies batting - Pitching for Great Falls Voyagers : RHP Wilmer Castellano
Batting: SHB Cayden Fernandez 0-0: Fly out, F8 (Flyball, 8RD, EV 103.8 MPH)
Batting: RHB Ethan Reilly 0-0: Ball
1-0: Ball
2-0: Swinging Strike
2-1: Swinging Strike
2-2: Foul Ball, location: 2F
2-2: Ball
3-2: Strikes out swinging
Batting: RHB Yorman Saldivar 0-0: Ball
1-0: Fly out, F6 (Popup, 15S, EV 91.9 MPH)
Top of the 5th over - 0 runs, 0 hits, 0 errors, 0 left on base; Grand Junction 1 - Great Falls 7
BOTTOM OF THE 5TH
Great Falls Voyagers batting - Pitching for Grand Junction Rockies : RHP Jeris Nuñez
Batting: LHB Santiago Botello 0-0: Ball
1-0: SINGLE (Line Drive, 6D, EV 97.5 MPH)
Pitching: RHP Elias Canessa
Batting: LHB Ha'im Kostner 0-0: Called Strike
0-1: Fielders Choice at 2nd, 4-6 (Groundball, 4, EV 76.9 MPH)
Batting: RHB Monty Paz 0-0: Fly out, F9 (Flyball, 9LS, EV 90.0 MPH)
Batting: SHB Nathan Shimer 0-0: Ground out 4-3 (Groundball, 4, EV 107.5 MPH)
Bottom of the 5th over - 0 runs, 1 hit, 0 errors, 1 left on base; Grand Junction 1 - Great Falls 7
TOP OF THE 6TH
Grand Junction Rockies batting - Pitching for Great Falls Voyagers : RHP Wilmer Castellano
Batting: LHB J P. Cendejas 0-0: Foul Ball, location: 2F
0-1: Hit by Pitch
Batting: LHB Edward Atherton 0-0: Hit by Pitch
J P. Cendejas to second
Batting: RHB Cooper Shaw 0-0: Called Strike
0-1: Fly out, F9 (Line Drive, 9, EV 100.0 MPH)
Batting: LHB Israel González 0-0: Ball
1-0: Foul Ball, location: 2F
1-1: Fly out, F3 (Line Drive, 3, EV 66.9 MPH)
Batting: RHB Wit Crapps 0-0: Ball
1-0: Called Strike
1-1: Called Strike
1-2: Ball
2-2: Ball
3-2: SINGLE (Line Drive, 9LS, EV 92.5 MPH)
J P. Cendejas to third
Edward Atherton to second
J P. Cendejas scores
Edward Atherton to third
Batting: RHB Stayler Henriquez 0-0: Called Strike
0-1: Ball
1-1: Fly out, F9 (Line Drive, 9, EV 89.4 MPH)
Top of the 6th over - 1 run, 1 hit, 0 errors, 2 left on base; Grand Junction 2 - Great Falls 7
BOTTOM OF THE 6TH
Great Falls Voyagers batting - Pitching for Grand Junction Rockies : RHP Elias Canessa
Batting: LHB T.J. Overby 0-0: SINGLE (Flyball, 8LS, EV 88.8 MPH)
Batting: LHB Rich Schendel Jr. 0-0: Foul Ball, location: 2F
0-1: Called Strike
0-2: Fielders Choice at 2nd, 6-4 (Groundball, 6, EV 105.0 MPH)
Batting: LHB Mickey Flowers 0-0: Ball
1-0: Ball
2-0: Swinging Strike
2-1: Called Strike
2-2: Strikes out swinging
Batting: RHB Armando Montalbo 0-0: Ball
1-0: Fly out, F9 (Flyball, 9LS, EV 96.9 MPH)
Bottom of the 6th over - 0 runs, 1 hit, 0 errors, 1 left on base; Grand Junction 2 - Great Falls 7
TOP OF THE 7TH
Grand Junction Rockies batting - Pitching for Great Falls Voyagers : RHP Wilmer Castellano
Batting: SHB Cayden Fernandez 0-0: Foul Ball, location: 2F
0-1: SINGLE (Line Drive, 6MD, EV 95.6 MPH)
Batting: RHB Ethan Reilly 0-0: Ball
1-0: Called Strike
1-1: Fielders Choice at 2nd, 6-4 (Groundball, 56, EV 89.4 MPH)
Batting: RHB Yorman Saldivar 0-0: Foul Ball, location: 2F
0-1: Swinging Strike
0-2: Strikes out swinging
Batting: LHB J P. Cendejas 0-0: Swinging Strike
0-1: Fly out, F8 (Flyball, 78M, EV 90.6 MPH)
Top of the 7th over - 0 runs, 1 hit, 0 errors, 1 left on base; Grand Junction 2 - Great Falls 7
BOTTOM OF THE 7TH
Great Falls Voyagers batting - Pitching for Grand Junction Rockies : RHP Elias Canessa
Batting: RHB Thiago Castro 0-0: Ground out 5-3 (Groundball, 5, EV 80.6 MPH)
Batting: LHB Santiago Botello 0-0: Foul Ball, location: 2F
0-1: Ball
1-1: Ball
2-1: SINGLE (Groundball, 34D, EV 93.8 MPH)
Batting: LHB Ha'im Kostner 0-0: Called Strike
0-1: Foul Ball, location: 2F
0-2: Ball
1-2: SINGLE (Line Drive, 7S, EV 105.6 MPH)
Santiago Botello to second
Batting: RHB Monty Paz 0-0: Grounds into double play, 1-4-3 (Groundball, 15S, EV 64.4 MPH)
Bottom of the 7th over - 0 runs, 2 hits, 0 errors, 1 left on base; Grand Junction 2 - Great Falls 7
TOP OF THE 8TH
Grand Junction Rockies batting - Pitching for Great Falls Voyagers : RHP Wilmer Castellano
Batting: LHB Edward Atherton 0-0: SINGLE (Groundball, 3, EV 98.8 MPH)
Batting: RHB Cooper Shaw 0-0: Fly out, F8 (Flyball, 78M, EV 75.0 MPH)
Batting: LHB Israel González 0-0: Called Strike
0-1: Ball
1-1: Ball
2-1: Ball
3-1: Called Strike
3-2: 2-RUN HOME RUN (Line Drive, 9D, EV 96.2 MPH), Distance : 371 ft
Pitching: RHP Mike Larsen
Batting: RHB Wit Crapps 0-0: Fly out, F7 (Flyball, 78XD, EV 95.6 MPH)
Batting: RHB Stayler Henriquez 0-0: Ball
1-0: Ball
2-0: Foul Ball, location: 2F
2-1: Foul Ball, location: 2F
2-2: Foul Ball, location: 2F
2-2: Ground out 6-3 (Groundball, 56, EV 94.4 MPH)
Top of the 8th over - 2 runs, 2 hits, 0 errors, 0 left on base; Grand Junction 4 - Great Falls 7
BOTTOM OF THE 8TH
Great Falls Voyagers batting - Pitching for Grand Junction Rockies : RHP Elias Canessa
Batting: SHB Nathan Shimer 0-0: Ball
1-0: Called Strike
1-1: Foul Ball, location: 2F
1-2: Foul Ball, location: 2F
1-2: Ball
2-2: Ball
3-2: SINGLE (Groundball, 4MD, EV 105.6 MPH)
Batting: LHB T.J. Overby 0-0: Foul Ball, location: 2F
0-1: SINGLE (Line Drive, 8LM, EV 85.6 MPH)
Nathan Shimer to second
Batting: LHB Rich Schendel Jr. 0-0: Swinging Strike
0-1: Foul Ball, location: 2F
0-2: Ball
1-2: Strikes out looking
Pitching: LHP Donovan Glover
Batting: LHB Mickey Flowers 0-0: Swinging Strike
0-1: Ball
1-1: Ball
2-1: Ball
3-1: Base on Balls
Nathan Shimer to third
T.J. Overby to second
Batting: RHB Armando Montalbo 0-0: Called Strike
0-1: Ball
1-1: Ball
2-1: Fly out, F8 (Flyball, 89D, EV 99.4 MPH)
Runner from 3rd tags up, SCORES, throw by CF
T.J. Overby to third
Batting: RHB Thiago Castro 0-0: Foul Ball, location: 2F
0-1: Ball
1-1: Ball
2-1: Ball
3-1: Called Strike
3-2: Strikes out swinging
Bottom of the 8th over - 1 run, 2 hits, 0 errors, 2 left on base; Grand Junction 4 - Great Falls 8
TOP OF THE 9TH
Grand Junction Rockies batting - Pitching for Great Falls Voyagers : RHP Mike Larsen
Batting: SHB Cayden Fernandez 0-0: Called Strike
0-1: Ball
1-1: SINGLE (Line Drive, 6D, EV 98.1 MPH)
Batting: RHB Ethan Reilly 0-0: Called Strike
0-1: Called Strike
0-2: Ball
1-2: Foul Ball, location: 2F
1-2: Ball
2-2: SINGLE (Line Drive, 8RS, EV 95.0 MPH)
Cayden Fernandez to second
Pitching: RHP Lucas Ysalde
Pinch Hitting: LHB Jerold Courval 0-0: Called Strike
0-1: Ball
1-1: Ball
2-1: Called Strike
2-2: Foul Ball, location: 2F
2-2: Ball
3-2: Base on Balls
Cayden Fernandez to third
Ethan Reilly to second
Batting: LHB J P. Cendejas 0-0: Called Strike
0-1: Called Strike
0-2: Fielders Choice at 2nd, 6-4 (Groundball, 6S, EV 85.6 MPH)
Cayden Fernandez scores
Ethan Reilly to third
Batting: LHB Edward Atherton 0-0: Foul Ball, location: 2F
0-1: Ball
1-1: Ball
2-1: Called Strike
2-2: Foul Ball, location: 2F
2-2: Fly out, F9 (Line Drive, 9, EV 103.8 MPH)
Batting: RHB Cooper Shaw 0-0: Ball
1-0: Ball
2-0: Ball
Wild Pitch!
Ethan Reilly scores
J P. Cendejas to second
3-0: Swinging Strike
3-1: Called Strike
3-2: Strikes out swinging
Top of the 9th over - 2 runs, 2 hits, 0 errors, 1 left on base; Grand Junction 6 - Great Falls 8
Monday, May 6th , 2024 - OOTP Baseball 24.11 Build 85